 Dungeon Crawl Stone Soup version 0.24.1-14-gf8d2b509d9 (webtiles) character file.

Game seed: 8336102224701071807, levelgen mode: deterministic

78 KlarStein the Skirmisher (level 3, 0/31 HPs)
             Began as a Demigod Fighter on July 10, 2020.
             Slain by a gnoll (7 damage)
             ... on level 2 of the Dungeon.
             The game lasted 00:06:29 (1405 turns).

KlarStein the Skirmisher (Demigod Fighter)          Turns: 1405, Time: 00:06:30

Health: 0/31       AC:  6    Str: 26    XL:     3   Next: 94%
Magic:  14/14      EV:  7    Int: 12    God:
Gold:   82         SH: 10    Dex: 13    Spells: 2/2 levels left

rFire    . . .     SeeInvis .   a - +0 long sword
rCold    . . .     Gourm    .   c - +0 shield
rNeg     . . .     Faith    .   b - +0 scale mail
rPois    .         Spirit   .   (no helmet)
rElec    .         Reflect  .   (no cloak)
rCorr    .         Harm     .   (no gloves)
MR       .....                  (no boots)
Stlth    ..........             (no amulet)
HPRegen  0.10/turn              e - ring of magical power
MPRegen  0.14/turn              h - -2 ring of dexterity (curse)

@: mighty, lethally poisoned (0 -> -3)
A: high mp 1
a: no special abilities


You were on level 2 of the Dungeon.
You were hungry.

You visited 1 branch of the dungeon, and saw 2 of its levels.

You collected 82 gold pieces.

Inventory:

Hand Weapons
 a - a +0 long sword (weapon)
Armour
 b - a +0 scale mail (worn)
 c - a +0 shield (worn)
Jewellery
 e - a ring of magical power (left hand)
 h - a cursed -2 ring of dexterity (right hand)
Scrolls
 j - a scroll of teleportation
 m - a scroll of amnesia
 n - a scroll of immolation {unknown}
Potions
 g - 2 potions of curing {unknown}
 i - 2 potions of heal wounds {unknown}
 k - a potion of brilliance {unknown}
 l - a potion of magic {unknown}
Comestibles
 f - 3 rations


   Skills:
 * Level 3.4 Fighting
 * Level 2.5 Long Blades
 * Level 3.3 Armour
 + Level 3.0 Shields


You had 2 spell levels left.
You didn't know any spells.
Your spell library was empty.

Dungeon Overview and Level Annotations

Branches:
Dungeon (2/15)


Innate Abilities, Weirdness & Mutations

You have an increased reservoir of magic. (+10% MP)


Message History

The adder is lightly wounded.
The adder bites you.
You are poisoned.
The adder poisons you! The adder bites you.
You closely miss the adder.
The adder is lightly wounded.
You feel sick. The adder bites you. The adder bites you but does no damage.
You hit the adder.
The adder is heavily wounded.
You feel sick. The adder barely misses you. The adder bites you.
You completely miss the adder.
The adder is heavily wounded.
The adder bites you. The adder closely misses you.
You slash the adder!
You kill the adder!
You barely miss the gnoll.
You feel sick. The gnoll hits you.
* * * LOW HITPOINT WARNING * * *
You feel very mighty all of a sudden. The gnoll hits you!
You die...

######## #....... #.###...
###################.###...
#...................#.....
#.#$#.##...#####<.........
##....................
#.##...##.###.#.###... ..#
##@### # #.#.# #... ....
#g# #.#.>..... .....
#.##.#.....####... .....
#.......... #..# ....
#.##l...... ...# .... ...
.... ###.# #..## ... #.#
#..# .# ..# #..# #


You could see a gnoll.

Vanquished Creatures
  An adder (D:2)
  3 gnolls (D:2)
  A worm (D:2)
  A dart slug (D:1)
  2 leopard geckos (D:2)
  A giant cockroach (D:1)
  6 goblins (D:1)
  A hobgoblin (D:1)
  8 kobolds
  A ball python (D:1)
  4 bats
  2 frilled lizards
  7 rats
38 creatures vanquished.

Notes
Turn   | Place    | Note
-------+----------+-------------------------------------------
     0 | D:1      | KlarStein the Demigod Fighter began the quest for the Orb.
     0 | D:1      | Reached XP level 1. HP: 18/18 MP: 3/3
   232 | D:1      | Reached XP level 2. HP: 25/25 MP: 4/4
   435 | D:1      | Found a glowing golden altar of the Shining One.
   889 | D:2      | Reached XP level 3. HP: 19/31 MP: 5/5
  1405 | D:2      | Slain by a gnoll

Levels and vault maps discovered:
D:1:      dpeg_arrival_simpleton_b, layout_basic, minmay_hexomino_r4
D:2:      layout_loops_ring

Skill      XL: |  1  2  3 |
---------------+----------+-----
Long Blades    | 2 |  2.5
Fighting       | 3 |  3.4
Armour         | 3 |  3.3
Shields        | 3 |  3.0

Action                   || total
-------------------------++-------
Melee: Long sword        ||   121
  Use: Scroll            ||     4
       Potion            ||     1
  Eat: Chunk             ||     1
Armor: Scale mail        ||    48
Dodge: Dodged            ||    44
Block: Shield            ||    64
       Rpst.: Long sword ||    12
